 Dungeon Crawl Stone Soup version 0.28-a0-258-g8de209e91f (webtiles) character file.

Game seed: 7708928509558404238

1217 SkeletonJelly the Spear-Bearer (level 8, 0/65 HPs)
             Began as a Merfolk Chaos Knight on Aug 27, 2021.
             Was a Plaything of Xom.
             Succumbed to a water moccasin's poison
             ... on level 5 of the Dungeon.
             The game lasted 00:16:18 (5393 turns).

SkeletonJelly the Spear-Bearer (MfCK)               Turns: 5393, Time: 00:16:19

Health: 0/65       AC:  7    Str: 14    XL:     8   Next: 46%
Magic:  8/8        EV: 13    Int: 12    God:    Xom [.*....]
Gold:   204        SH:  0    Dex: 15    Spells: 7/7 levels left

rFire   . . .      SeeInvis .   a - +0 spear (chaos)
rCold   . . .      Faith    .   (no shield)
rNeg    . . .      Spirit   .   b - +2 leather armour
rPois   .          Reflect  .   (no helmet)
rElec   .          Harm     .   (no cloak)
rCorr   .          Rampage  .   j - +0 pair of gloves
Will    .....                   (no boots)
Stlth   ++........              n - amulet of regeneration
HPRegen 1.20/turn               (no ring)
MPRegen 0.11/turn               (no ring)

@: lethally poisoned (0 -> -2), flying, hasted, unable to read, very quick
A: (nimble swimmer 2), mertail, thin skeletal structure 1, shaggy fur 1,
MP-powered wands
a: Renounce Religion


You were on level 5 of the Dungeon.
You worshipped Xom.
You were a plaything of Xom.
You visited 1 branch of the dungeon, and saw 5 of its levels.
You also visited: Sewer.

You collected 204 gold pieces.

Inventory:

Hand Weapons
 a - a +0 spear of chaos (weapon)
Missiles
 q - 17 poisoned darts (quivered)
Armour
 b - a +2 leather armour (worn)
 c - a +0 helmet
 j - a +0 pair of gloves (worn)
Jewellery
 n - an amulet of regeneration (around neck)
Wands
 u - a wand of flame (10)
 v - a wand of acid (10)
Scrolls
 d - 6 scrolls of identify {unknown}
 e - a scroll of summoning {unknown}
 f - 4 scrolls of teleportation {unknown}
 g - a scroll of enchant weapon {unknown}
 h - a scroll of immolation
 k - 2 scrolls of torment {unknown}
 m - a scroll of magic mapping {unknown}
 o - a scroll of amnesia {unknown}
 r - 2 scrolls of fear {unknown}
 t - a scroll of blinking {unknown}
 w - a scroll of fog {unknown}
Potions
 i - a potion of magic
 p - 3 potions of mutation
 s - 3 potions of haste


   Skills:
 + Level 6.5 Fighting
 - Level 12.0 Polearms
 - Level 0.6 Armour
 + Level 4.1 Dodging


You had 7 spell levels left.
You didn't know any spells.
Your spell library contained the following spells:

 Spells                   Type           Power      Damage    Failure   Level
 Sublimation of Blood     Necr           0%         N/A       54%         2
 Wereblood                Tmut           0%         N/A       54%         2
 Summon Hydra             Summ           0%         N/A       100%        7


Dungeon Overview and Level Annotations

Branches:
Dungeon (5/15)              Sewer (visited)
 Temple: D:4-7

Altars:
Ru

Shops:
D:1 !*:


Innate Abilities, Weirdness & Mutations

((You are quick and stealthy near water. (Stealth+, EV+, Speed+++)))
Your lower body shifts to a powerful aquatic tail in water.
You have a somewhat thin skeletal structure. (Dex +2, Stealth+)
You are covered in fur. (AC +1)
You expend magic power (3 MP) to strengthen your wands.


Message History

The iguana is almost dead.
The helpless iguana fails to defend itself.
You hit the iguana. You burn the iguana.
You kill the iguana!
You hit the water moccasin.
The water moccasin is moderately wounded.
The water moccasin misses you.
You hit the water moccasin.
The water moccasin is poisoned.
The water moccasin is moderately wounded.
You puncture the water moccasin!
The water moccasin goes berserk!
The water moccasin is heavily wounded.
The water moccasin bites you but does no damage.
You miss the water moccasin.
The water moccasin is heavily wounded.
You are now a plaything of Xom.
The water moccasin bites you!
You take 11 damage, and have 54/65 hp.
The water moccasin barely misses you. x2
The water moccasin bites you.
You take 2 damage, and have 53/65 hp.
The water moccasin closely misses you. The water moccasin barely misses you.
The water moccasin bites you!
You are poisoned.
The water moccasin poisons you!
You take 10 damage, and have 45/65 hp.
You feel very sick.
Xom decides to shift things around a little.
The bullfrog skeleton blinks!
The water moccasin blinks!
The bullfrog skeleton barely misses you.
The bullfrog skeleton closely misses you.
You take 2 damage, and have 43/65 hp.
You feel very sick. The water moccasin bites you!
You feel threatened and lose the ability to read scrolls!
You take 11 damage, and have 32/65 hp.
You feel sick. The water moccasin closely misses you.
You feel sick.
The water moccasin bites you but does no damage.
You take 1 damage, and have 31/65 hp.
You feel sick. The water moccasin bites you!
* * * LOW HITPOINT WARNING * * *
The bullfrog skeleton hits you.
* * * LOW HITPOINT WARNING * * *
You take 14 damage, and have 17/65 hp.
MASSIVE DAMAGE!!
It was a potion of mutation.
You feel extremely strange.
You can once more read scrolls while threatened.
Your bones become slightly less dense.
You lose the ability to read scrolls when threatened.
You feel less in control of your magic.
Xom thinks this is hilarious!
You feel sick. The water moccasin misses you. The water moccasin bites you!
* * * LOW HITPOINT WARNING * * *
You are more poisoned.
The water moccasin poisons you! The bullfrog skeleton misses you.
The water moccasin bites you.
* * * LOW HITPOINT WARNING * * *
You take 10 damage, and have 7/65 hp.
It was a potion of magic.
Magic courses through your body.
Xom thinks this is hilarious!
* * * LOW HITPOINT WARNING * * *
You feel very sick. The water moccasin barely misses you.
The bullfrog skeleton closely misses you.
The water moccasin closely misses you.
The bullfrog skeleton hits you but does no damage.
You take 2 damage, and have 5/65 hp.
It was a potion of haste.
You feel yourself speed up.
Xom roars with laughter!
* * * LOW HITPOINT WARNING * * *
You feel very sick. "Where it stops, nobody knows!"
Your surroundings suddenly seem different.
Found a ring mail and a robe.
Your surroundings suddenly seem different.
You take 2 damage, and have 3/65 hp.
Unknown command.
It was a potion of flight.
You feel very buoyant.
You fly up into the air.
* * * LOW HITPOINT WARNING * * *
You feel sick.
You take 1 damage, and have 2/65 hp.
Really quaff the potion of mutation?
You feel extremely strange.
You feel clever.
You regain control of your magic.
You can once more read scrolls while threatened.
Fur sprouts all over your body.
You feel your magical essence link to the dungeon's wands.
* * * LOW HITPOINT WARNING * * *
You feel sick.
You take 1 damage, and have 1/65 hp.
Unknown command.
Unknown command.
You cannot read scrolls in your current state!
* * * LOW HITPOINT WARNING * * *
You feel sick.
You hear an angry hiss.
You die...
Xom cackles wildly!

#. #. #.
#.
#.#####.##
#.........
#.# #.#
#@# #.#
#.# #$#
#.# s ...
#.# #.Z
#.# #..
#.# #.S
#.# #..
#..###


There were no monsters in sight!

Vanquished Creatures
  Grinder (D:4)
  Menkaure (D:4)
  A hornet zombie (D:3)
  2 scorpions
  A killer bee (D:2)
  A water moccasin skeleton (D:4)
  2 electric eels (D:4)
  A bullfrog zombie (D:5)
  A jelly (D:5)
  2 iguanas
  Robin (D:4)
  14 adders
  9 river rats
  An adder skeleton (D:4)
  2 worms (D:4)
  3 dart slugs
  9 orcs
  7 bats
  7 endoplasms
  3 giant cockroaches
  14 goblins
  16 hobgoblins
  16 ball pythons
  4 frilled lizards
  26 kobolds
  31 rats
176 creatures vanquished.

Vanquished Creatures (collateral kills)
  A dart slug (D:3)
1 creature vanquished.

Vanquished Creatures (others)
  A rat (D:3)
  A plant (D:4)
2 creatures vanquished.

Grand Total: 179 creatures vanquished

Notes
Turn   | Place    | Note
-------+----------+-------------------------------------------
     0 | D:1      | SkeletonJelly the Merfolk Chaos Knight began the quest for
                  | the Orb.
     0 | D:1      | Reached XP level 1. HP: 18/18 MP: 1/1
     6 | D:1      | Noticed a komodo dragon
     6 | D:1      | Noticed a rime drake
     7 | D:1      | Noticed a wolf
     7 | D:1      | Noticed a swamp worm
   140 | D:1      | Found Vilunkan's Assorted Antiques.
   201 | D:1      | XOM: silly message
   205 | D:1      | Reached skill level 5 in Polearms
   205 | D:1      | Reached XP level 2. HP: 22/24 MP: 2/2
   300 | D:1      | Found Syoga's Book Emporium.
   424 | D:1      | XOM: divination: detect items
   526 | D:1      | Found Jodalony's Distillery.
   538 | D:1      | XOM: give mutations
   538 | D:1      | Gained mutation: You are dopey. (Int -2) [Xom's mischief]
   538 | D:1      | Gained mutation: You sometimes lose the ability to read
                  | scrolls when taking damage. [Xom's mischief]
   591 | D:1      | Reached XP level 3. HP: 24/30 MP: 3/3
   614 | D:1      | XOM: silly message
   735 | D:1      | Found a faded altar of an unknown god.
   739 | D:1      | XOM: silly message
  1302 | D:2      | Reached skill level 6 in Polearms
  1526 | D:2      | XOM: cloud trail
  1567 | D:2      | XOM: summons 2 hostile demons
  1809 | D:2      | Found a sacrificial altar of Ru.
  1833 | D:2      | Reached XP level 4. HP: 37/37 MP: 4/4
  2128 | D:2      | XOM: summons 3 hostile demons
  2414 | D:3      | XOM: 6-stop teleportation journey
  2768 | D:3      | XOM: divination: detect creatures
  2783 | D:3      | XOM: summons friendly white imp
  2914 | D:3      | Reached skill level 7 in Polearms
  2936 | D:3      | Noticed a scorpion
  2950 | D:3      | Killed a scorpion
  2951 | D:3      | Reached XP level 5. HP: 43/43 MP: 5/5
  3129 | D:3      | XOM: polymorph something unseen -> orc
  3135 | D:3      | XOM: polymorph bat -> killer bee
  3145 | D:3      | XOM: summons 4 friendly demons
  3196 | D:3      | Reached skill level 5 in Fighting
  3196 | D:3      | Reached skill level 8 in Polearms
  3196 | D:3      | Reached XP level 6. HP: 41/51 MP: 6/6
  3337 | D:4      | Found a transporter.
  3339 | D:4      | XOM: god gift: 26 gold pieces
  3418 | D:4      | Noticed Menkaure
  3425 | D:4      | XOM: potion effect (might)
  3435 | D:4      | XOM: confuse monster(s)
  3472 | D:4      | XOM: potion effect (haste)
  3473 | D:4      | XOM: noise
  3476 | D:4      | Killed Menkaure
  3477 | D:4      | Reached skill level 9 in Polearms
  3477 | D:4      | Reached XP level 7. HP: 56/56 MP: 7/7
  3508 | D:4      | XOM: cloud trail
  3579 | D:4      | Noticed Robin
  3579 | D:4      | Noticed Grinder
  3589 | D:4      | Paralysed by Grinder for 3 turns
  3618 | D:4      | Killed Robin
  3639 | D:4      | XOM: divination: detect items
  3671 | D:4      | Killed Grinder
  3672 | D:4      | Reached skill level 10 in Polearms
  3726 | D:4      | XOM: smoke on damage
  3750 | D:4      | XOM: noise
  3785 | D:4      | Found a glowing drain.
  3800 | D:4      | XOM: silly message
  3811 | Sewer    | Entered a sewer
  4032 | Sewer    | Reached skill level 11 in Polearms
  4055 | Sewer    | XOM: potion effect (curing)
  4220 | Sewer    | Reached XP level 8. HP: 64/64 MP: 8/8
  4273 | Sewer    | XOM: cloud trail
  4415 | Sewer    | XOM: noise
  4463 | Sewer    | XOM: cloud trail
  4706 | D:4      | Reached skill level 12 in Polearms
  4730 | D:4      | XOM: god gift: 25 sling bullets
  4831 | D:4      | Found a transporter.
  5028 | D:4      | XOM: noise
  5143 | D:4      | XOM: noise
  5262 | D:5      | Entered Level 5 of the Dungeon
  5361 | D:5      | XOM: divination: detect creatures
  5382 | D:5      | XOM: blink monster(s)
  5387 | D:5      | Lost mutation: You sometimes lose the ability to read
                  | scrolls when taking damage. [potion of mutation]
  5387 | D:5      | Gained mutation: You have a somewhat thin skeletal
                  | structure. (Dex +2, Stealth+) [potion of mutation]
  5387 | D:5      | Gained mutation: You sometimes lose the ability to read
                  | scrolls when taking damage. [potion of mutation]
  5387 | D:5      | Gained mutation: Your spells are a little harder to cast,
                  | but a little more powerful. [potion of mutation]
  5389 | D:5      | HP: 3/65 [poisoned by a water moccasin]
  5389 | D:5      | XOM: 2-stop teleportation journey
  5391 | D:5      | Lost mutation: You are dopey. (Int -2) [potion of mutation]
  5391 | D:5      | Lost mutation: Your spells are a little harder to cast, but
                  | a little more powerful. [potion of mutation]
  5391 | D:5      | Lost mutation: You sometimes lose the ability to read
                  | scrolls when taking damage. [potion of mutation]
  5391 | D:5      | Gained mutation: You are covered in fur. (AC +1) [potion of
                  | mutation]
  5391 | D:5      | Gained mutation: You expend magic power (3 MP) to
                  | strengthen your wands. [potion of mutation]
  5391 | D:5      | HP: 1/65 [poisoned by a water moccasin]
  5393 | D:5      | Succumbed to a water moccasin's poison

Illustrated notes

Levels and vault maps discovered:
D:1:      onia_arrival_zoo_common, layout_loops_corners, serial_shops,
          nicolae_shop_temple_entry_statues_fountains, nicolae_square_shop,
          nicolae_square_shop, hellmonk_ecumenical_altar_blasted
D:2:      layout_loops_ring, basic_altar, minmay_rat_gold_closets
D:3:      layout_loops_ring, dk_noncrumbling_4, minmay_pentangle
D:4:      gammafunk_steamed_eel, layout_basic, lightli_sewer_entry_pipes,
          uniq_grinder, uniq_robin, uniq_menkaure
D:5:      layout_loops_ring

Skill      XL: |  1  2  3  4  5  6  7  8 |
---------------+-------------------------+-----
Polearms       | 5 6 7 8 9 11 12 | 12.0
Fighting       | 4 5 6 |  6.5
Dodging        | 4 |  4.1
Armour         | |  0.6

Action                   |  1- 3 |  4- 6 |  7- 9 || total
-------------------------+-------+-------+-------++-------
Melee: Spear             |   132 |   224 |   386 ||   742
       Tailslap          |       |       |    15 ||    15
Evoke: Wand              |       |       |     4 ||     4
  Use: Potion            |       |     4 |     6 ||    10
 Stab: Sleeping          |     1 |     5 |     1 ||     7
       Petrified         |     4 |       |     4 ||     8
       Confused          |       |     1 |     3 ||     4
       Paralysed         |       |     2 |       ||     2
Armor: Leather armour    |    33 |    47 |    82 ||   162
Dodge: Dodged            |    50 |    83 |   133 ||   266

Table legend: (Time is in decaauts)
 A = Elapsed time spent in this place.
 B = Non-inter-level travel time spent in this place.
 C = Inter-level travel time spent in this place.
 D = Time resting spent in this place.
 E = Time spent auto-exploring this place.
 F = Levels seen in this place.
 G = Mean time per level.
                   A        B        C        D        E       F      G
               +--------+--------+--------+--------+--------+-----+--------+
         Total |   5032 |   4796 |    236 |     11 |   3571 |   6 |  838.7 |
       Dungeon |   4508 |   4272 |    236 |     11 |   3264 |   5 |  901.6 |
         Sewer |    524 |    524 |      0 |      0 |    306 |   1 |  524.0 |
               +--------+--------+--------+--------+--------+-----+--------+

Top non-repeatable levels by time:
     D:2: 1305 daAuts
     D:1: 1142 daAuts
     D:4: 1138 daAuts
     D:3: 813 daAuts
   Sewer: 524 daAuts
     D:5: 109 daAuts
